 Dungeon Crawl Stone Soup version 0.23.1 (webtiles) character file.

Game seed: 7600892378987628736

95 Fang the Skirmisher (level 4, -6/43 HPs)
             Began as a Gargoyle Berserker on Mar 14, 2019.
             Was a Believer of Trog.
             Killed from afar by Molacarthy's ghost (14 damage)
             ... with a puff of frost
             ... on level 3 of the Dungeon.
             The game lasted 00:02:40 (2436 turns).

Fang the Skirmisher (Gargoyle Berserker)            Turns: 2436, Time: 00:02:41

Health: -6/43      AC:  5    Str: 26    XL:     4   Next: 66%
Magic:  0/4        EV: 12    Int:  8    God:    Trog [**....]
Gold:   168        SH:  0    Dex:  9    Spells: 3/3 levels left

rFire    . . .     SeeInvis .   a - +0 hand axe
rCold    . . .     Gourm    .   (no shield)
rNeg     + . .     Faith    .   b - +0 animal skin
rPois    ∞         Spirit   +   (no helmet)
rElec    +         Reflect  .   r - scarf {Spirit}
rCorr    .         Harm     .   (no gloves)
MR       .....                  (no boots)
Stlth    ..........             (no amulet)
HPRegen  0.14/turn              (no ring)
MPRegen  0.09/turn              (no ring)

@: berserking, very quick
A: negative energy resistance 1, electricity resistance, unbreathing,
petrification resistance, rot immunity, AC +3
a: Berserk, Trog's Hand, Renounce Religion


You were on level 3 of the Dungeon.
You worshipped Trog.
Trog was pleased with you.
You were hungry.

You visited 1 branch of the dungeon, and saw 3 of its levels.

You collected 168 gold pieces.

Inventory:

Hand Weapons
 a - a +0 hand axe (weapon)
Armour
 b - a +0 animal skin (worn)
 r - a scarf of spirit shield (worn)
Scrolls
 d - a scroll of enchant weapon {unknown}
 e - 3 scrolls of magic mapping {unknown}
 g - 2 scrolls of immolation {unknown}
 h - 4 scrolls of identify {unknown}
 k - 2 scrolls of teleportation {unknown}
 l - a scroll of enchant armour {unknown}
 o - a scroll of fear {unknown}
Potions
 i - a potion of cancellation {unknown}
 j - 3 potions of curing {unknown}
 m - 2 potions of degeneration {unknown}
 n - 4 potions of heal wounds {unknown}
 p - a potion of lignification {unknown}
 q - 2 potions of resistance {unknown}
 s - a potion of berserk rage {unknown}
Comestibles
 c - 8 rations
 f - 5 chunks of flesh


   Skills:
 + Level 4.0 Fighting
 + Level 3.3 Axes
 + Level 3.2 Armour
 + Level 2.3 Dodging


You had 3 spell levels left.
You didn't know any spells.
Your spell library was empty.

Dungeon Overview and Level Annotations

Branches:
Dungeon (3/15)

Altars:
Fedhas

Annotations:
D:3 Molacarthy's ghost, amateur MfIE


Innate Abilities, Weirdness & Mutations

You are resistant to torment.
Your stone body is resilient. (AC +3)
You are immune to poison.
You resist negative energy. (rN+)
You are resistant to electric shocks. (rElec)
You can survive without breathing.
You are immune to petrification.
You are immune to rotting.


Message History

You are too injured to fight recklessly!
You are too injured to fight recklessly!
You are too injured to fight recklessly!
You are too injured to fight recklessly!
You are too injured to fight recklessly!
You are too injured to fight recklessly!
You are too injured to fight recklessly!
You slash the big kobold!
The big kobold is moderately wounded.
You barely miss the big kobold. You hit Molacarthy's ghost.
Molacarthy's ghost points at you and mumbles some strange words.
The puff of frost hits you! The big kobold closely misses you.
You barely miss Molacarthy's ghost.
Molacarthy's ghost is severely damaged.
You hit the big kobold. You closely miss the big kobold.
The big kobold hits you with the +7 dagger of Egomania {chaos, *Noise rN++ Str+2 Int+2}.
* * * LOW HITPOINT WARNING * * *
Molacarthy's ghost gestures at you while chanting.
The puff of frost hits you!
You die...

#............##.#.# #####
#..############.#.# ....# #..#
#.#.# ###.# #..# #### ##.#.## #
#.# #..# #..#####.....##
###.######..####.##.⌠.##.#.#.##
.................#.#.#.##)###.#
###.######..###.†W..#..%##.#.##
#.######..# #.@K.....!###.##
#.........# ##K)..#.%.# #.#
########.## #.#.#.#.## #.# #.#
#.##.⌠.## #.# #.#####..#####
#.# #......###########.#
#####..............#
##.############# ###


You could see 2 big kobolds and Molacarthy's ghost.

Vanquished Creatures
  A gnoll (D:1)
  An adder (D:3)
  2 worms
  2 dart slugs
  4 leopard geckos
  3 giant cockroaches
  7 goblins
  5 hobgoblins
  2 jackals (D:2)
  9 kobolds
  2 ball pythons
  12 bats
  7 frilled lizards
  7 rats
64 creatures vanquished.

Notes
Turn   | Place    | Note
-------+----------+-------------------------------------------
     0 | D:1      | Fang the Gargoyle Berserker began the quest for the Orb.
     0 | D:1      | Reached XP level 1. HP: 14/14 MP: 1/1
    65 | D:1      | Reached XP level 2. HP: 11/19 MP: 2/2
   324 | D:1      | Reached XP level 3. HP: 20/23 MP: 3/3
   890 | D:2      | Reached ** piety under Trog
  1236 | D:2      | Reached XP level 4. HP: 22/29 MP: 4/4
  1748 | D:3      | Found a blossoming altar of Fedhas.
  1915 | D:3      | Found a runed translucent gate.
  1915 | D:3      | Found a runed translucent gate.
  1915 | D:3      | Identified the +7 dagger of Egomania {chaos, *Noise rN++
                  | Str+2 Int+2}
  1915 | D:3      | Noticed a big kobold
  1915 | D:3      | Noticed a big kobold
  1916 | D:3      | Noticed Molacarthy's ghost (amateur MfIE)
  1917 | D:3      | Found a runed translucent gate.
  2085 | D:3      | Reached skill level 4 in Fighting
  2436 | D:3      | Killed from afar by Molacarthy's ghost

Skill      XL: |  1  2  3  4 |
---------------+-------------+-----
Axes           | 3 |  3.3
Dodging        | 2 |  2.3
Armour         | 3 |  3.2
Fighting       | 4 |  4.0

Action                   |  1- 3 |  4- 6 || total
-------------------------+-------+-------++-------
Melee: Hand axe          |   126 |    64 ||   190
Invok: Berserk           |     2 |     1 ||     3
 Stab: Sleeping          |     1 |     1 ||     2
  Eat: Chunk             |     3 |     4 ||     7
Armor: Animal skin       |    48 |    24 ||    72
Dodge: Dodged            |   106 |    49 ||   155
